 Dungeon Crawl Stone Soup version 0.25-a0-651-g8c222c7a2b (webtiles) character file.

Game seed: 5450272622922963296, levelgen mode: deterministic

72 Brecoman the Magician (level 4, -1/33 HPs)
             Began as a Mummy Wizard on Mar 22, 2020.
             Slain by an orc wizard
             ... wielding a +0 dagger
              (2 damage)
             ... on level 3 of the Dungeon.
             The game lasted 00:20:38 (2906 turns).

Brecoman the Magician (Mummy Wizard)                Turns: 2906, Time: 00:20:40

Health: -1/33      AC:  3    Str: 10    XL:     4   Next: 6%
Magic:  7/10       EV: 12    Int: 18    God:
Gold:   134        SH:  0    Dex: 10    Spells: 4/12 levels left

rFire    x . .     SeeInvis .   m - +0 hunting sling
rCold    + . .     Gourm    .   (no shield)
rNeg     + + +     Faith    .   a - +0 robe
rPois    ∞         Spirit   .   b - +1 hat
rElec    .         Reflect  .   (no cloak)
rCorr    .         Harm     .   (no gloves)
MR       .....                  (no boots)
Stlth    ++........             (no amulet)
HPRegen  0.11/turn              (no ring)
MPRegen  0.12/turn              (no ring)

@: very slightly contaminated, slowed, very slow
A: no food or potions, fire vulnerability, cold resistance 1, negative energy
resistance 3, torment resistance, unbreathing
a: no special abilities


You were on level 3 of the Dungeon.
You were not hungry.

You visited 1 branch of the dungeon, and saw 3 of its levels.

You collected 134 gold pieces.

Inventory:

Hand Weapons
 f - a +4 short sword of draining
 i - a +4 rapier of freezing
 m - a +0 hunting sling (weapon)
Missiles
 e - 75 stones (quivered)
 k - 6 datura-tipped darts
 l - 43 sling bullets
Armour
 a - a +0 robe (worn)
 b - a +1 hat (worn)
Jewellery
 o - an uncursed ring of flight {unknown}
Scrolls
 c - 2 scrolls of identify {unknown}
 d - 2 scrolls of remove curse {unknown}
 g - 2 scrolls of fear {unknown}
 h - 2 scrolls of enchant armour
 j - 2 scrolls of teleportation {unknown}
 n - a scroll of magic mapping {unknown}
 p - a scroll of immolation {unknown}
 q - a scroll of blinking {unknown}


   Skills:
 + Level 1.8 Fighting
 - Level 1.5 Dodging
 - Level 1.5 Stealth
 + Level 4.8 Spellcasting
 + Level 1.7 Conjurations
 + Level 1.1 Summonings
 - Level 0.7 Translocations
 + Level 0.0 Fire Magic


You had 4 spell levels left.
You knew the following spells:

 Your Spells              Type           Power        Failure   Level  Hunger
a - Magic Dart            Conj           ##..         7%          1    N/A
b - Call Imp              Summ           #.......     13%         2    N/A
c - Blink                 Tloc           N/A          16%         2    N/A
d - Conjure Flame         Conj/Fire      #.......     28%         3    N/A

Your spell library contained the following spells:

 Spells                   Type           Power        Failure   Level  Hunger
 Slow                     Hex            #.......     21%         2    N/A
 Mephitic Cloud           Conj/Pois/Air  #.......     32%         3    N/A

Dungeon Overview and Level Annotations

Branches:
Dungeon (3/15)

Altars:

Annotations:
D:1 1 runed translucent door


Innate Abilities, Weirdness & Mutations

You do not eat or drink.
Your flesh is vulnerable to fire.
You are immune to poison.
Your flesh is cold resistant. (rC+)
You are immune to negative energy. (rN+++)
You are immune to unholy pain and torment.
You can survive without breathing.


Message History

You are very lightly contaminated with residual magic.
The air around you crackles with energy!
The adder misses you.
The orc wizard points at you and mumbles some strange words.
The magic dart hits you!
* * * LOW HITPOINT WARNING * * *
The adder bites you.
* * * LOW HITPOINT WARNING * * *
The orc wizard hits you but does no damage.
Your white imp hits the orc wizard.
Your white imp freezes the orc wizard.
As you read the scroll labeled GUIMEU VOKYRGH, it crumbles to dust.
It is a scroll of enchant armour.
Your +0 hat glows green for a moment.
The orc wizard hits you with a +0 dagger.
* * * LOW HITPOINT WARNING * * *
The adder bites you.
* * * LOW HITPOINT WARNING * * *
Your white imp hits the orc wizard.
Your white imp freezes the orc wizard.
The orc wizard hits you with a +0 dagger.
You die...

.. #.# #...^.....
#.###### #.#
#......... ..##.. #.#
#..[...... #.##.# #.#
#.........
#.##.#####.####
#.........
#####.........>o.S#
#....o....
###.[...##.#####.##.##
#####o####
.#..###.##.# #S##..##
##.# ...## #.##.#
#@###..## #o.# ...#
#.##.# #o# ##..## #o##
#..## #.##.# #5#
##.o###.#
..%.###.##.## #.#
##..##.#
..#....<....####.###
##....#
...##.......#......#
##.###
#..................#
#.#
#.###.......#...(..#
### #.#
#.......#..<...#


You could see an orc wizard, an adder, an orc and a friendly white imp.

Vanquished Creatures
  3 worms
  A leopard gecko (D:1)
  An orc (D:2)
  4 bats
  A giant cockroach (D:3)
  6 goblins
  12 hobgoblins
  4 jackals
  3 frilled lizards
  2 kobolds
  5 rats
42 creatures vanquished.

Vanquished Creatures (collateral kills)
  An adder (D:2)
  A worm (D:2)
  A dart slug (D:2)
3 creatures vanquished.

Grand Total: 45 creatures vanquished

Notes
Turn   | Place    | Note
-------+----------+-------------------------------------------
     0 | D:1      | Brecoman the Mummy Wizard began the quest for the Orb.
     0 | D:1      | Reached XP level 1. HP: 13/13 MP: 5/5
     1 | D:1      | Found a runed translucent door.
     3 | D:1      | Noticed a jelly
   449 | D:1      | Reached skill level 1 in Conjurations
   604 | D:1      | Reached XP level 2. HP: 20/20 MP: 4/7
   770 | D:1      | Learned a level 2 spell: Call Imp
   773 | D:1      | Learned a level 2 spell: Blink
   863 | D:1      | Reached skill level 1 in Fighting
  1494 | D:2      | Reached XP level 3. HP: 26/26 MP: 0/9
  1821 | D:2      | Reached skill level 1 in Summonings
  2732 | D:3      | Reached XP level 4. HP: 33/33 MP: 10/10
  2781 | D:3      | Learned a level 3 spell: Conjure Flame
  2906 | D:3      | HP: 1/33 [adder (2)]
  2906 | D:3      | Slain by an orc wizard

Levels and vault maps discovered:
D:1:      dpeg_arrival_caged_fury, layout_loops_ring
D:2:      layout_basic, chequers_garden, serial_park_tiny_1
D:3:      layout_rooms, uniq_terence

Skill      XL: |  1  2  3 |
---------------+----------+-----
Conjurations   | 1 |  1.7
Fighting       | 1 |  1.8
Summonings     | 1 |  1.1
Dodging        | |  1.5
Stealth        | |  1.5
Spellcasting   | |  4.8
Translocations | |  0.7

Action                   |  1- 3 |  4- 6 || total
-------------------------+-------+-------++-------
Melee: Short sword       |    17 |     2 ||    19
 Fire: Hunting sling     |    25 |     5 ||    30
 Cast: Magic Dart        |    91 |     5 ||    96
       Call Imp          |     7 |     2 ||     9
  Use: Scroll            |       |     1 ||     1
Armor: Robe              |    13 |     1 ||    14
Dodge: Dodged            |    28 |    13 ||    41

Table legend:
 A = Non-vault XP
 B = Vault XP
 C = Vault XP percentage of total XP
 D = Non-vault monster count
 E = Vault monster count
 F = Vault count percentage of total count
                 A         B        C        D         E       F
            +---------+---------+-------+---------+---------+-------
      Total |     103 |       0 |   0.0 |      45 |       0 |   0.0
            +---------+---------+-------+---------+---------+-------
        D:1 |      32 |       0 |   0.0 |      19 |       0 |   0.0
        D:2 |      50 |       0 |   0.0 |      16 |       0 |   0.0
        D:3 |      21 |       0 |   0.0 |      10 |       0 |   0.0
            +---------+---------+-------+---------+---------+-------
